 Dungeon Crawl Stone Soup version 0.31-a0-233-g139696dc86 (webtiles) character file.

Game seed: 16163947657108110534

198 qw the Shooter (level 5, -2/45 HPs)
             Began as a Minotaur Hexslinger on July 7, 2023.
             Slain by a gnoll
             ... wielding a +0 spear
              (4 damage)
             ... on level 3 of the Dungeon.
             The game lasted 00:00:42 (2160 turns).

qw the Shooter (Minotaur Hexslinger)                Turns: 2160, Time: 00:00:43

Health: -2/45      AC:  4    Str: 19    XL:     5   Next: 47%
Magic:  5/5        EV: 17    Int: 10    God:
Gold:   84         SH:  0    Dex: 14    Spells: 5/6 levels left

rFire   . . .        Y - +1 sling
rCold   . . .        (no shield)
rNeg    . . .        b - +0 leather armour
rPois   .            (helmet restricted)
rElec   .            f - +0 cloak
rCorr   .            (no gloves)
SInv    .            (no boots)
Will    .....        (no amulet)
Stlth   +            h - +5 ring of evasion
HPRegen 0.27/turn    a - +6 ring of strength
MPRegen 0.09/turn

%: no passive effects
@: about to teleport
A: horns 2, retaliatory headbutt
a: no special abilities


You were on level 3 of the Dungeon.
You visited 1 branch of the dungeon, and saw 3 of its levels.

You collected 84 gold pieces.


Innate Abilities, Weirdness & Mutations

You have a pair of horns on your head.
You reflexively headbutt those who attack you in melee.


   Skills:
 - Level 3.3 Fighting
 + Level 5.6 Ranged Weapons
 - Level 2.1 Dodging
 - Level 1.0 Spellcasting
 - Level 2.0 Hexes


You had 5 spell levels left.
You knew the following spells:

 Your Spells              Type           Power      Damage    Failure   Level
a - Slow                  Hex            16%        N/A       19%         1

Your spell library contained the following spells:

 Spells                   Type           Power      Damage    Failure   Level
 Inner Flame              Hex/Fire       2%         N/A       63%         3
 Portal Projectile        Hex/Tloc       4%         N/A       63%         3
 Cause Fear               Hex            2%         N/A       87%         4

Inventory:

Hand Weapons
 Y - a +1 sling (weapon)
Armour
 b - a +0 leather armour (worn)
 e - a +0 pair of gloves
 f - a +0 cloak (worn)
 j - a +2 robe of positive energy
Jewellery
 a - a +6 ring of strength (right hand)
 h - a +5 ring of evasion (left hand)
 k - a +4 ring of protection
Scrolls
 i - a scroll of teleportation
Potions
 c - a potion of cancellation {unknown}
 d - 2 potions of heal wounds {unknown}
 g - a potion of curing {unknown}

Dungeon Overview and Level Annotations

Branches:
Dungeon (3/15)

Altars:

Annotations:
D:3 1 transporter, qw's ghost, amateur MiHs


Message History

A gnoll comes into view. It is wielding a +1 heavy flail.
A gnoll comes into view. It is wielding a +0 club.
Enter note:
Enter note:
Enter note:
Enter note: You shoot a sling bullet.
The gnoll shouts!
The sling bullet hits the gnoll.
The gnoll is heavily wounded.
You shoot a sling bullet.
The sling bullet hits the gnoll but does no damage.
The gnoll is heavily wounded.
You hear a shout!
The gnoll closely misses you.
A gnoll comes into view. It is wielding a +0 spear.
2154 ||| Stepping ~*~*~tactically~*~*~ (outnumbered).
You shoot a sling bullet. The sling bullet hits the gnoll.
The gnoll is lightly wounded.
The gnoll barely misses you.
You shoot a sling bullet.
The sling bullet hits the gnoll but does no damage.
The gnoll barely misses you. The gnoll closely misses you.
You shoot a sling bullet. The sling bullet hits the gnoll.
The gnoll is moderately wounded.
The gnoll hits you from afar with a +0 spear!
The gnoll hits you from afar with a +0 spear.
The gnoll hits you with a +1 heavy flail!
You shoot a sling bullet. The sling bullet hits the gnoll!
The gnoll is almost dead.
The gnoll hits you from afar with a +0 spear! x2
The gnoll barely misses you. You furiously retaliate!
You headbutt the gnoll.
You kill the gnoll!
The gnoll barely misses you.
The gnoll hits you from afar with a +0 spear.
2160 ||| READING 2 scrolls of teleportation.
As you read the scroll of teleportation, it crumbles to dust.
You feel strangely unstable.
The gnoll hits you from afar with a +0 spear.
You die... #. #.# #.. #.. #.g #gg

#..########
#.)@......#
##.######.#######.
...####...........
#.#.#..........###
#.#........###:# #
#.#.##.### #.# #.#
#.# #.### #.# #.#
#. #...# #.# #.#
###.# #.# #.#


You could see 3 gnolls.

Vanquished Creatures
  A phantom (D:3)
  An orc wizard (D:3)
  2 gnolls
  4 adders
  A worm (D:2)
  3 dart slugs
  4 orcs (D:3)
  4 endoplasms
  4 goblins
  A hobgoblin (D:2)
  4 ball pythons
  2 bats
  A frilled lizard (D:2)
  3 kobolds
  4 rats
39 creatures vanquished.

Notes
Turn   | Place    | Note
-------+----------+-------------------------------------------
     0 | D:1      | qw the Minotaur Hexslinger began the quest for the Orb.
     0 | D:1      | Reached XP level 1. HP: 16/16 MP: 1/1
     0 | D:1      | 0 ||| qw: Version: 0.3-a-46-gb1f654a
     0 | D:1      | 0 ||| qw: Game counter: 3333
     0 | D:1      | 0 ||| qw: Melee chars always use a shield: true
     0 | D:1      | 0 ||| qw: God list: Okawaru
     0 | D:1      | 0 ||| qw: Allow faded altars: false
     0 | D:1      | 0 ||| qw: Do Orc after clearing Dungeon:15 true
     0 | D:1      | 0 ||| qw: Do second Lair branch before Depths: true
     0 | D:1      | 0 ||| qw: Lair rune preference: random
     0 | D:1      | 0 ||| qw: Goals: Normal
     0 | D:1      | 0 ||| PLANNING D:1-11
   370 | D:1      | Reached skill level 3 in Ranged Weapons
   370 | D:1      | Reached XP level 2. HP: 23/23 MP: 2/2
   782 | D:1      | 782 ||| UPGRADING to +0 cloak.
   787 | D:1      | 787 ||| UPGRADING to +5 ring of evasion.
   788 | D:1      | 788 ||| READING scroll labelled PIMIATZ YPHU.
   789 | D:1      | 789 ||| READING scroll labelled LUM FOEGGUSCH.
   790 | D:1      | 790 ||| READING 2 scrolls labelled FIPOJA KYACAH.
   795 | D:1      | 795 ||| DRINKING 3 amethyst potions.
   796 | D:1      | 796 ||| DROPPING scroll of poison.
   797 | D:1      | 797 ||| DROPPING 2 potions of brilliance.
   813 | D:2      | Identified the +6 war axe of the Land of Plenty {pain, rN+
                  | Int+3}
   887 | D:2      | 887 ||| UPGRADING to +0 leather armour.
   891 | D:2      | Reached XP level 3. HP: 27/29 MP: 3/3
   906 | D:2      | 906 ||| UPGRADING to +0 leather armour.
   912 | D:2      | 912 ||| UPGRADING to +0 leather armour.
   917 | D:2      | 917 ||| DROPPING +0 robe.
  1129 | D:2      | Found a faded altar of an unknown god.
  1324 | D:2      | Reached skill level 4 in Ranged Weapons
  1675 | D:2      | 1675 ||| UPGRADING to +6 ring of strength.
  1676 | D:2      | 1676 ||| READING scroll labelled OLEM ZIYSAWN.
  1814 | D:3      | Noticed a phantom
  1826 | D:3      | Killed a phantom
  1827 | D:3      | Reached skill level 5 in Ranged Weapons
  1827 | D:3      | Reached XP level 4. HP: 20/36 MP: 4/4
  1827 | D:3      | Reached XP level 5. HP: 23/41 MP: 5/5
  1907 | D:3      | Noticed qw's ghost (amateur MiHs)
  1913 | D:3      | Found a transporter.
  2006 | D:3      | 2006 ||| FLEEEEING.
  2007 | D:3      | 2007 ||| FLEEEEING.
  2019 | D:3      | Reached skill level 3 in Fighting
  2154 | D:3      | 2154 ||| Stepping ~*~*~tactically~*~*~ (outnumbered).
  2159 | D:3      | HP: 5/45 [gnoll/+0 spear (9)]
  2159 | D:3      | HP: 2/45 [gnoll/+0 spear (3)]
  2160 | D:3      | 2160 ||| READING 2 scrolls of teleportation.
  2160 | D:3      | Slain by a gnoll

Levels and vault maps discovered:
D:1:      pf_arrival_petrified_forest, layout_loops_corners
D:2:      layout_basic, basic_ecumenical_altar, serial_bayou_lagoon_a,
          minmay_misc_feat_plants, chequers_jeans
D:3:      layout_loops_ring, gammafunk_ghost_arena, uniq_grinder

Skill      XL: |  1  2  3  4  5 |
---------------+----------------+-----
Ranged Weapons | 3 5 |  5.6
Fighting       | 2 3 |  3.3
Dodging        | |  2.1
Spellcasting   | |  1.0
Hexes          | |  2.0

Action                     |  1- 3 |  4- 6 || total
---------------------------+-------+-------++-------
   Fire: Sling             |    82 |    45 ||   127
    Use: Scroll            |     4 |     1 ||     5
         Potion            |     1 |       ||     1
 Armour: Robe              |     1 |       ||     1
         Leather armour    |     3 |     8 ||    11
  Dodge: Dodged            |    25 |    27 ||    52

Table legend:
 A = Non-vault XP
 B = Vault XP
 C = Vault XP percentage of total XP
 D = Non-vault monster count
 E = Vault monster count
 F = Vault count percentage of total count
                 A         B        C        D         E       F
            +---------+---------+-------+---------+---------+-------
      Total |     284 |       0 |   0.0 |      39 |       0 |   0.0
            +---------+---------+-------+---------+---------+-------
        D:1 |      20 |       0 |   0.0 |       6 |       0 |   0.0
        D:2 |      67 |       0 |   0.0 |      16 |       0 |   0.0
        D:3 |     197 |       0 |   0.0 |      17 |       0 |   0.0
            +---------+---------+-------+---------+---------+-------
